 Dungeon Crawl Stone Soup version 0.29.1-15-g9cfb28693d (webtiles) character file.

Game seed: 13567232680163179331

12 EarthwalkerPL the Shield-Bearer (level 2, 0/1 (24) HPs)
             Began as a Formicid Fighter on Mar 16, 2023.
             Slain by a bat (1 damage)
             ... on level 2 of the Dungeon.
             The game lasted 00:02:15 (8008 turns).

EarthwalkerPL the Shield-Bearer (Formicid Fighter)  Turns: 8008, Time: 00:02:16

HP:   0/1 (24)      AC:  8    Str: 20    XL:     2   Next: 45%
MP:   2/2           EV:  9    Int:  7    God:
Gold: 61            SH:  5    Dex: 13    Spells: 1/1 levels left

rFire   . . .      SeeInvis +   a - +0 war axe
rCold   . . .      Faith    .   c - +0 buckler
rNeg    . . .      Spirit   .   b - +0 scale mail
rPois   .          Reflect  .   (helmet unavailable)
rElec   .          Harm     .   (no cloak)
rCorr   .          Rampage  .   (no gloves)
Will    .....                   j - +0 pair of boots
Stlth   ..........              (no amulet)
HPRegen 0.01/turn               (no ring)
MPRegen 0.08/turn               (no ring)

@: extremely drained
A: permanent stasis, dig shafts and tunnels, antennae 3, four strong arms
a: Dig, Shaft Self


You were on level 2 of the Dungeon.
You visited 1 branch of the dungeon, and saw 2 of its levels.

You collected 61 gold pieces.

Inventory:

Hand Weapons
 a - a +0 war axe (weapon)
Armour
 b - a +0 scale mail (worn)
 c - a +0 buckler (worn)
 j - a +0 pair of boots (worn)
Jewellery
 k - a ring of ice
Scrolls
 h - a scroll of enchant weapon {unknown}
 i - a scroll of immolation {unknown}
Potions
 d - a potion of might
 e - 2 potions of invisibility {unknown}
 f - 2 potions of heal wounds {unknown}
 g - 2 potions of lignification {unknown}


   Skills:
 * Level 3.4 Fighting
 * Level 2.2 Axes
 * Level 3.5 Armour
 * Level 4.2 Shields


You had one spell level left.
You didn't know any spells.
Your spell library was empty.

Dungeon Overview and Level Annotations

Branches:
Dungeon (2/15) You are so drained that the power of Zot will kill you!

Altars:


Innate Abilities, Weirdness & Mutations

You cannot be hasted, slowed, berserked, paralysed or teleported.
You can dig through walls and to a lower floor.
You have a pair of large antennae on your head. (SInv)
Your four strong arms can wield two-handed weapons with a shield.


Message History

Really rest while Zot is near?
You start waiting.
Done waiting.
Zot draws nearer.
Dive deeper or flee this branch before you suffer!
Really rest while Zot is near?
You start waiting.
Done waiting.
Really rest while Zot is near?
You start waiting.
Done waiting.
Really rest while Zot is near?
You start waiting.
Done waiting.
Really rest while Zot is near?
You start waiting.
Done waiting.
Zot has nearly found you.
Suffering is approaching.
Descend or flee this branch!
Really rest while Zot is near?
You start waiting.
Zot's power touches on you...
You feel drained.
Unknown command.
You have lingered too long.
Zot senses you.
Dive deeper or flee this branch before you perish!
Unknown command.
Unknown command.
There is a stone staircase leading down here.
You climb downwards.
As you enter the new level, Zot loses track of you.
Found an encrusted peridot ring, 7 stones and 2 gold pieces.
Found a faded altar of an unknown god.
There is a stone staircase leading up here.
You closely miss the bat. You block the bat's attack.
The bat hits you but does no damage.
You closely miss the bat. The bat hits you but does no damage. x3
You miss the bat. The bat hits you but does no damage. x2
You hit the bat.
The bat is severely wounded.
You block the bat's attack. The bat closely misses you. The bat hits you.
Ouch! That really hurt!
You die...

.#.. .### #
.._ ...# ..
.. ...#
#..##(##...
.......=
.....
#..###
#@..#
#.b...#
#.......#
#.......#
#.......#
##.(...##
.....$.
.......#


You could see a bat.

Vanquished Creatures
  A ball python (D:1)
  A bat (D:1)
  An endoplasm (D:1)
  A hobgoblin (D:1)
  2 jackals (D:1)
  A kobold (D:1)
  A quokka (D:1)
  2 rats (D:1)
10 creatures vanquished.

Notes
Turn   | Place    | Note
-------+----------+-------------------------------------------
     0 | D:1      | EarthwalkerPL the Formicid Fighter began the quest for the
                  | Orb.
     0 | D:1      | Reached XP level 1. HP: 18/18 MP: 1/1
   111 | D:1      | Reached XP level 2. HP: 24/24 MP: 2/2
  4988 | D:1      | Glimpsed the power of Zot.
  5488 | D:1      | Glimpsed the power of Zot.
  5888 | D:1      | Glimpsed the power of Zot.
  5988 | D:1      | Touched by the power of Zot.
  5989 | D:1      | Glimpsed the power of Zot.
  6488 | D:1      | Glimpsed the power of Zot.
  6888 | D:1      | Glimpsed the power of Zot.
  6988 | D:1      | Touched by the power of Zot.
  6989 | D:1      | Glimpsed the power of Zot.
  7489 | D:1      | Glimpsed the power of Zot.
  7889 | D:1      | Glimpsed the power of Zot.
  7988 | D:1      | Touched by the power of Zot.
  7989 | D:1      | Glimpsed the power of Zot.
  8003 | D:2      | Found a faded altar of an unknown god.
  8008 | D:2      | Slain by a bat

Illustrated notes

Levels and vault maps discovered:
D:1:      saegor_arrival_miasma, layout_loops_ring
D:2:      layout_rooms, ebering_ecumenical_altar_box, uniq_sigmund

Action                   || total
-------------------------++-------
Melee: War axe           ||    34
Armor: Scale mail        ||    21
Dodge: Dodged            ||    14
Block: Buckler           ||    11
